| TOP OF THE 1ST |
|
Eugene Emeralds batting - Pitching for Salt Lake City Bees : RHP Ed Nunez
|
|
Pitching: RHP Ed Nunez
|
|
|
Batting: LHB James Peters
|
0-0: Ball 1-0: Called Strike 1-1: Ball 2-1: Foul Ball, location: 2F 2-2: Ball 3-2: Foul Ball, location: 2F 3-2: Base on Balls
|
|
Batting: RHB Jesus Vega
|
0-0: Ball 1-0: 2-RUN HOME RUN (Line Drive, 7D, EV 110.6 MPH), Distance : 365 ft
|
|
Batting: LHB Ty Gainey
|
0-0: Reached on error, E3 (Groundball, 34, EV 102.5 MPH)
|
|
Batting: LHB Dave Revering
|
0-0: Grounds into double play, 4-6-3 (Groundball, 4, EV 80.0 MPH)
|
|
Batting: LHB Rick Lancellotti
|
0-0: Foul Ball, location: 2F 0-1: Ball 1-1: Foul Ball, location: 2F 1-2: Fly out, F8 (Line Drive, 8RM, EV 106.9 MPH)
|
| Top of the 1st over - 2 runs, 1 hit, 1 error, 0 left on base; Eugene 2 - Salt Lake City 0 |
| BOTTOM OF THE 1ST |
|
Salt Lake City Bees batting - Pitching for Eugene Emeralds : RHP Stan Jakubowski
|
|
Pitching: RHP Stan Jakubowski
|
|
|
Batting: LHB Mike Cole
|
0-0: Ground out 6-3 (Groundball, 6, EV 103.8 MPH)
|
|
Batting: LHB Eric Attaway
|
0-0: Ball 1-0: Ball 2-0: SINGLE (Popup, 6D, EV 71.9 MPH)
|
|
Batting: LHB Thomas Dorsey
|
0-0: Called Strike 0-1: Ball Eric Attaway steals 2nd base 1-1: Called Strike 1-2: Foul Ball, location: 2F 1-2: Foul Ball, location: 2F 1-2: Fly out, F7 (Flyball, 7LM, EV 94.4 MPH)
|
|
Batting: RHB Robert Potts
|
0-0: Called Strike 0-1: Ball 1-1: Ground out 6-3 (Groundball, 6, EV 83.1 MPH)
|
| Bottom of the 1st over - 0 runs, 1 hit, 0 errors, 1 left on base; Eugene 2 - Salt Lake City 0 |
| TOP OF THE 2ND |
|
Eugene Emeralds batting - Pitching for Salt Lake City Bees : RHP Ed Nunez
|
|
Batting: RHB Tim Wallach
|
0-0: Ball 1-0: SINGLE (Groundball, 5D, EV 100.6 MPH)
|
|
Batting: LHB Milt May
|
0-0: Ball 1-0: Called Strike 1-1: Ball 2-1: Called Strike 2-2: Ball 3-2: Foul Ball, location: 2F 3-2: Fly out, F8 (Flyball, 8LS, EV 89.4 MPH)
|
|
Batting: LHB Terry Lee
|
0-0: Called Strike 0-1: Swinging Strike 0-2: Ball 1-2: Ball 2-2: Strikes out swinging
|
|
Batting: RHB Alan McDonald
|
0-0: Called Strike 0-1: Ball 1-1: Fly out, F8 (Line Drive, 8RM, EV 93.8 MPH)
|
| Top of the 2nd over - 0 runs, 1 hit, 0 errors, 1 left on base; Eugene 2 - Salt Lake City 0 |
| BOTTOM OF THE 2ND |
|
Salt Lake City Bees batting - Pitching for Eugene Emeralds : RHP Stan Jakubowski
|
|
Batting: RHB William Cole
|
0-0: Ball 1-0: Called Strike 1-1: SINGLE (Flyball, 8LS, EV 95.6 MPH)
|
|
Batting: RHB Jamie Nelson
|
0-0: Foul Ball, location: 2F 0-1: Ball 1-1: Ball 2-1: Foul Ball, location: 2F 2-2: Foul Ball, location: 2F 2-2: Ball 3-2: Foul Ball, location: 2F 3-2: 2-RUN HOME RUN (Flyball, 7LD, EV 98.8 MPH), Distance : 345 ft
|
|
Batting: RHB Darnell Coles
|
0-0: Ball 1-0: Ball 2-0: Called Strike 2-1: Ball 3-1: Base on Balls
|
|
Batting: RHB Darrell Miller
|
0-0: Ball Darnell Coles is caught stealing 2nd base 2-4 1-0: Called Strike 1-1: Ball 2-1: Ball 3-1: Foul Ball, location: 2F 3-2: Strikes out swinging passed ball, reaches first!
|
|
Batting: RHB Reid Nichols
|
0-0: Ball 1-0: Fly out, F7 (Flyball, 7, EV 95.6 MPH)
|
|
Batting: LHB Mike Cole
|
0-0: Called Strike Darrell Miller steals 2nd base 0-1: Ball 1-1: Foul Ball, location: 2F 1-2: Foul Ball, location: 2F 1-2: Ball 2-2: Foul Ball, location: 2LF, Error on foul ball, E2 2-2: Foul Ball, location: 2F 2-2: Ball 3-2: Hit by Pitch
|
|
Batting: LHB Eric Attaway
|
0-0: Foul Ball, location: 2F 0-1: Ball 1-1: Called Strike 1-2: Foul Ball, location: 2F 1-2: Ball 2-2: Ball 3-2: Foul Ball, location: 2F 3-2: Base on Balls Darrell Miller to third Mike Cole to second
|
|
Batting: LHB Thomas Dorsey
|
0-0: Foul Ball, location: 2F 0-1: Called Strike 0-2: Ball 1-2: Ball 2-2: Strikes out swinging
|
| Bottom of the 2nd over - 2 runs, 2 hits, 1 error, 3 left on base; Eugene 2 - Salt Lake City 2 |
| TOP OF THE 3RD |
|
Eugene Emeralds batting - Pitching for Salt Lake City Bees : RHP Ed Nunez
|
|
Batting: LHB James Peters
|
0-0: Ball 1-0: Ball 2-0: Ball 3-0: Called Strike 3-1: Foul Ball, location: 2F 3-2: Base on Balls
|
|
Batting: RHB Jesus Vega
|
0-0: Ball 1-0: Ball 2-0: Fielders Choice at 2nd, 3-6 (Groundball, 3, EV 103.8 MPH)
|
|
Batting: LHB Ty Gainey
|
0-0: Called Strike 0-1: Foul Ball, location: 2F 0-2: Ball 1-2: Ball 2-2: Ball 3-2: Base on Balls Jesus Vega to second
|
|
Batting: LHB Dave Revering
|
0-0: Called Strike 0-1: Ball 1-1: Foul Ball, location: 2F 1-2: Ball 2-2: Fielders Choice at 2nd, 4-6 (Groundball, 4M, EV 106.3 MPH) Jesus Vega to third
|
|
Batting: LHB Rick Lancellotti
|
0-0: Ball 1-0: Ball 2-0: Swinging Strike 2-1: Fly out, F4 (Popup, 34, EV 75.6 MPH)
|
| Top of the 3rd over - 0 runs, 0 hits, 0 errors, 2 left on base; Eugene 2 - Salt Lake City 2 |
| BOTTOM OF THE 3RD |
|
Salt Lake City Bees batting - Pitching for Eugene Emeralds : RHP Stan Jakubowski
|
|
Batting: RHB Robert Potts
|
0-0: Ball 1-0: Fly out, F5 (Flyball, 5D, EV 91.9 MPH)
|
|
Batting: RHB William Cole
|
0-0: Swinging Strike 0-1: Swinging Strike 0-2: Ball 1-2: Foul Ball, location: 2F 1-2: Ball 2-2: Ball 3-2: SINGLE (Line Drive, 6MD, EV 98.1 MPH)
|
|
Batting: RHB Jamie Nelson
|
0-0: Ball 1-0: SINGLE (Flyball, 4D, EV 83.8 MPH) William Cole to second
|
|
Batting: RHB Darnell Coles
|
0-0: Called Strike 0-1: Ball 1-1: Ball 2-1: Ball 3-1: Called Strike 3-2: Foul Ball, location: 2F 3-2: Reached on error, E5 (Groundball, 56, EV 108.1 MPH) William Cole scores Jamie Nelson to third
|
|
Batting: RHB Darrell Miller
|
0-0: Ball 1-0: Fly out, F9 (Flyball, 89S, EV 87.5 MPH)
|
|
Batting: RHB Reid Nichols
|
0-0: Ball 1-0: Swinging Strike 1-1: Fly out, F9 (Flyball, 9LM, EV 91.9 MPH)
|
| Bottom of the 3rd over - 1 run, 2 hits, 1 error, 2 left on base; Eugene 2 - Salt Lake City 3 |
| TOP OF THE 4TH |
|
Eugene Emeralds batting - Pitching for Salt Lake City Bees : RHP Ed Nunez
|
|
Batting: RHB Tim Wallach
|
0-0: Fly out, F8 (Line Drive, 8RM, EV 98.8 MPH)
|
|
Batting: LHB Milt May
|
0-0: Ball 1-0: Foul Ball, location: 2F 1-1: Ground out 4-3 (Groundball, 4D, EV 84.4 MPH)
|
|
Batting: LHB Terry Lee
|
0-0: Called Strike 0-1: Ball 1-1: Foul Ball, location: 2F 1-2: Ground out 6-3 (Groundball, 6, EV 88.8 MPH)
|
| Top of the 4th over - 0 runs, 0 hits, 0 errors, 0 left on base; Eugene 2 - Salt Lake City 3 |
| BOTTOM OF THE 4TH |
|
Salt Lake City Bees batting - Pitching for Eugene Emeralds : RHP Stan Jakubowski
|
|
Batting: LHB Mike Cole
|
0-0: Foul Ball, location: 2F 0-1: Ball 1-1: Ball 2-1: SINGLE (Groundball, 6D, EV 103.8 MPH)
|
|
Batting: LHB Eric Attaway
|
0-0: Ball 1-0: Ball 2-0: Foul Ball, location: 2F 2-1: Swinging Strike 2-2: Ball 3-2: Foul Ball, location: 2F 3-2: Base on Balls Mike Cole to second
|
|
Batting: LHB Thomas Dorsey
|
0-0: Ball 1-0: Ball 2-0: Called Strike 2-1: Fly out, F4 (Popup, 34, EV 70.0 MPH)
|
|
Batting: RHB Robert Potts
|
0-0: Called Strike 0-1: Ball 1-1: Ball 2-1: Ball 3-1: Fly out, F8 (Flyball, 8RD, EV 98.1 MPH)
|
|
Batting: RHB William Cole
|
0-0: Ball 1-0: Fly out, F8 (Flyball, 8RM, EV 93.1 MPH)
|
| Bottom of the 4th over - 0 runs, 1 hit, 0 errors, 2 left on base; Eugene 2 - Salt Lake City 3 |
| TOP OF THE 5TH |
|
Eugene Emeralds batting - Pitching for Salt Lake City Bees : RHP Ed Nunez
|
|
Pitching: RHP Bill Lyons
|
|
|
Batting: RHB Alan McDonald
|
0-0: Called Strike 0-1: Ball 1-1: Ball 2-1: Called Strike 2-2: Ground out 5-3 (Groundball, 56, EV 80.0 MPH)
|
|
Batting: LHB James Peters
|
0-0: Called Strike 0-1: Called Strike 0-2: Ball 1-2: Ground out 6-3 (Groundball, 56, EV 106.3 MPH)
|
|
Batting: RHB Jesus Vega
|
0-0: Ball 1-0: Swinging Strike 1-1: Ground out 5-3 (Groundball, 56S, EV 89.4 MPH)
|
| Top of the 5th over - 0 runs, 0 hits, 0 errors, 0 left on base; Eugene 2 - Salt Lake City 3 |
| BOTTOM OF THE 5TH |
|
Salt Lake City Bees batting - Pitching for Eugene Emeralds : RHP Stan Jakubowski
|
|
Batting: RHB Jamie Nelson
|
0-0: Fly out, F9 (Flyball, 89D, EV 89.4 MPH)
|
|
Batting: RHB Darnell Coles
|
0-0: Swinging Strike 0-1: Fly out, F9 (Flyball, 89S, EV 80.6 MPH)
|
|
Batting: RHB Darrell Miller
|
0-0: DOUBLE (Groundball, 5L, EV 110.6 MPH)
|
|
Batting: RHB Reid Nichols
|
0-0: Ball 1-0: Foul Ball, location: 2F 1-1: Ball 2-1: Ball 3-1: SINGLE (Groundball, 56S, EV 68.8 MPH) (infield hit) Darrell Miller to third
|
|
Batting: LHB Mike Cole
|
0-0: Ball 1-0: Foul Ball, location: 2F 1-1: Ball Wild Pitch! Darrell Miller scores Reid Nichols to second 2-1: Foul Ball, location: 2F 2-2: SINGLE (Flyball, 78S, EV 92.5 MPH) Reid Nichols to third Runner from 3rd tries for Home, SAFE, throw by LF to home
|
|
Batting: LHB Eric Attaway
|
0-0: Ball 1-0: Ball 2-0: Ball 3-0: Base on Balls Mike Cole to second
|
|
Batting: LHB Thomas Dorsey
|
0-0: DOUBLE (Line Drive, 9LM, EV 107.5 MPH) Mike Cole scores Eric Attaway to third Runner from 3rd tries for Home, SAFE, throw by RF to trailing runner, SAFE at third!
|
|
Pitching: LHP Martin Pavlik
|
|
|
Batting: RHB Robert Potts
|
0-0: Ball 1-0: Ground out 5-3 (Groundball, 56, EV 80.6 MPH)
|
| Bottom of the 5th over - 4 runs, 4 hits, 0 errors, 1 left on base; Eugene 2 - Salt Lake City 7 |
| TOP OF THE 6TH |
|
Eugene Emeralds batting - Pitching for Salt Lake City Bees : RHP Bill Lyons
|
|
Batting: LHB Ty Gainey
|
0-0: SOLO HOME RUN (Line Drive, 89XD, EV 103.1 MPH), Distance : 391 ft
|
|
Batting: LHB Dave Revering
|
0-0: Fly out, F7 (Line Drive, 7, EV 92.5 MPH)
|
|
Batting: LHB Rick Lancellotti
|
0-0: Ball 1-0: Ball 2-0: Ball 3-0: Base on Balls
|
|
Batting: RHB Tim Wallach
|
0-0: SINGLE (Groundball, 6MD, EV 97.5 MPH) Rick Lancellotti to second
|
|
Batting: LHB Milt May
|
0-0: Ball 1-0: Ball 2-0: Swinging Strike 2-1: Ball 3-1: Foul Ball, location: 2F 3-2: Base on Balls Rick Lancellotti to third Tim Wallach to second
|
|
Batting: LHB Terry Lee
|
0-0: Called Strike 0-1: Foul Ball, location: 2F 0-2: DOUBLE (Line Drive, 8LD, EV 95.0 MPH) Rick Lancellotti scores Tim Wallach scores Milt May to third
|
|
Batting: RHB Alan McDonald
|
0-0: Ball 1-0: Called Strike 1-1: Ground out U3 (Groundball, 3L, EV 83.8 MPH)
|
|
Batting: LHB James Peters
|
0-0: Foul Ball, location: 2F 0-1: Swinging Strike 0-2: Ball 1-2: Ball 2-2: Ball 3-2: Base on Balls
|
|
Batting: RHB Jesus Vega
|
0-0: Foul Ball, location: 2F 0-1: DOUBLE (Flyball, 78XD, EV 106.3 MPH) Milt May scores Terry Lee scores James Peters to third Runner from 3rd tries for Home, SAFE, throw by LF to trailing runner, OUT at third! 7-3-5
|
| Top of the 6th over - 6 runs, 4 hits, 0 errors, 0 left on base; Eugene 8 - Salt Lake City 7 |
| BOTTOM OF THE 6TH |
|
Salt Lake City Bees batting - Pitching for Eugene Emeralds : LHP Martin Pavlik
|
|
Batting: RHB William Cole
|
0-0: Ball 1-0: Foul Ball, location: 2F 1-1: Called Strike 1-2: Ground out 5-3 (Groundball, 56, EV 79.4 MPH)
|
|
Batting: RHB Jamie Nelson
|
0-0: Fly out, F9 (Flyball, 89S, EV 89.4 MPH)
|
|
Batting: RHB Darnell Coles
|
0-0: Ground out 1-3 (Groundball, 13S, EV 76.9 MPH)
|
| Bottom of the 6th over - 0 runs, 0 hits, 0 errors, 0 left on base; Eugene 8 - Salt Lake City 7 |
| TOP OF THE 7TH |
|
Eugene Emeralds batting - Pitching for Salt Lake City Bees : RHP Bill Lyons
|
|
Batting: LHB Ty Gainey
|
0-0: Fly out, F7 (Flyball, 7S, EV 90.6 MPH)
|
|
Batting: LHB Dave Revering
|
0-0: Ball 1-0: Ball 2-0: Ball 3-0: Called Strike 3-1: Called Strike 3-2: Base on Balls
|
|
Batting: LHB Rick Lancellotti
|
0-0: TRIPLE (Flyball, 78XD, EV 95.6 MPH) Dave Revering scores
|
|
Batting: RHB Tim Wallach
|
0-0: Called Strike 0-1: Swinging Strike 0-2: TRIPLE (Flyball, 78XD, EV 104.4 MPH) Rick Lancellotti scores
|
|
Batting: LHB Milt May
|
0-0: Intentional Walk
|
|
Pitching: RHP Donnie Hill
|
|
|
Batting: LHB Terry Lee
|
0-0: Ball 1-0: Foul Ball, location: 2F 1-1: Single, Error in OF, E7, batter to second base (Line Drive, 7S, EV 101.3 MPH) Tim Wallach scores Milt May to third
|
|
Batting: RHB Alan McDonald
|
0-0: Ball Wild Pitch! Milt May scores Terry Lee to third 1-0: Fly out, F6 (Popup, 6, EV 50.0 MPH)
|
|
Batting: LHB James Peters
|
0-0: Ball 1-0: Called Strike 1-1: Swinging Strike 1-2: Ground out 4-3 (Groundball, 4, EV 93.8 MPH)
|
| Top of the 7th over - 4 runs, 3 hits, 1 error, 1 left on base; Eugene 12 - Salt Lake City 7 |
| BOTTOM OF THE 7TH |
|
Salt Lake City Bees batting - Pitching for Eugene Emeralds : LHP Martin Pavlik
|
|
Batting: RHB Darrell Miller
|
0-0: Fly out, F7 (Line Drive, 7D, EV 85.6 MPH)
|
|
Batting: RHB Reid Nichols
|
0-0: Ball 1-0: Called Strike 1-1: Ball 2-1: Called Strike 2-2: Strikes out swinging
|
|
Batting: LHB Mike Cole
|
0-0: Foul Ball, location: 2F 0-1: Ball 1-1: Foul Ball, location: 2F 1-2: Foul Ball, location: 2F 1-2: Foul Ball, location: 2F 1-2: Ground out 6-3 (Groundball, 56, EV 87.5 MPH)
|
| Bottom of the 7th over - 0 runs, 0 hits, 0 errors, 0 left on base; Eugene 12 - Salt Lake City 7 |
| TOP OF THE 8TH |
|
Eugene Emeralds batting - Pitching for Salt Lake City Bees : RHP Donnie Hill
|
|
Batting: RHB Jesus Vega
|
0-0: Called Strike 0-1: Ball 1-1: Fly out, F8 (Flyball, 8LXD, EV 96.3 MPH)
|
|
Batting: LHB Ty Gainey
|
0-0: Ball 1-0: Swinging Strike 1-1: Foul Ball, location: 2F 1-2: Ball 2-2: Foul Ball, location: 2F 2-2: Fly out, F9 (Flyball, 9, EV 89.4 MPH)
|
|
Batting: LHB Dave Revering
|
0-0: Ball 1-0: Swinging Strike 1-1: Ball 2-1: Ball 3-1: Called Strike 3-2: Base on Balls
|
|
Batting: LHB Rick Lancellotti
|
0-0: Ball 1-0: Ball 2-0: Fielders Choice at 2nd, U4 (Groundball, 4M, EV 90.6 MPH)
|
| Top of the 8th over - 0 runs, 0 hits, 0 errors, 1 left on base; Eugene 12 - Salt Lake City 7 |
| BOTTOM OF THE 8TH |
|
Salt Lake City Bees batting - Pitching for Eugene Emeralds : LHP Martin Pavlik
|
|
Batting: LHB Eric Attaway
|
0-0: Called Strike 0-1: Foul Ball, location: 2F 0-2: Strikes out swinging
|
|
Batting: LHB Thomas Dorsey
|
0-0: Called Strike 0-1: Swinging Strike 0-2: Strikes out swinging
|
|
Batting: RHB Robert Potts
|
0-0: Ball 1-0: Ground out 6-3 (Groundball, 6MS, EV 85.0 MPH)
|
| Bottom of the 8th over - 0 runs, 0 hits, 0 errors, 0 left on base; Eugene 12 - Salt Lake City 7 |
| TOP OF THE 9TH |
|
Eugene Emeralds batting - Pitching for Salt Lake City Bees : RHP Donnie Hill
|
|
Batting: RHB Tim Wallach
|
0-0: Called Strike 0-1: Ball 1-1: Ground out 5-3 (Groundball, 5, EV 88.8 MPH)
|
|
Batting: LHB Milt May
|
0-0: Called Strike 0-1: Foul Ball, location: 2F 0-2: Ball 1-2: Ball 2-2: Ground out 4-3 (Groundball, 4, EV 88.1 MPH)
|
|
Batting: LHB Terry Lee
|
0-0: Foul Ball, location: 2F 0-1: DOUBLE (Flyball, 89XD, EV 96.3 MPH)
|
|
Batting: RHB Alan McDonald
|
0-0: Swinging Strike 0-1: Foul Ball, location: 2F 0-2: Ground out 6-3 (Groundball, 6, EV 81.9 MPH)
|
| Top of the 9th over - 0 runs, 1 hit, 0 errors, 1 left on base; Eugene 12 - Salt Lake City 7 |
| BOTTOM OF THE 9TH |
|
Salt Lake City Bees batting - Pitching for Eugene Emeralds : LHP Martin Pavlik
|
|
Batting: RHB William Cole
|
0-0: Called Strike 0-1: Called Strike 0-2: Ball 1-2: Ball 2-2: Ball 3-2: Ground out 5-3 (Groundball, 56S, EV 93.1 MPH)
|
|
Batting: RHB Jamie Nelson
|
0-0: Swinging Strike 0-1: Called Strike 0-2: Foul Ball, location: 2F 0-2: Strikes out swinging
|
|
Batting: RHB Darnell Coles
|
0-0: Swinging Strike 0-1: Ball 1-1: Swinging Strike 1-2: Fly out, F9 (Flyball, 89M, EV 90.0 MPH)
|
| Bottom of the 9th over - 0 runs, 0 hits, 0 errors, 0 left on base; Eugene 12 - Salt Lake City 7 |
|